 Dungeon Crawl Stone Soup version 0.18.1-47-g9310371 (webtiles) character file.

183505 Peloso the Hoplite (level 17, 0/156 HPs)
             Began as a Minotaur Fighter on June 15, 2016.
             Was the Champion of Okawaru.
             Shot with an arrow by a deep elf archer (18 damage)
             ... on level 1 of the Elven Halls.
             The game lasted 02:20:21 (38414 turns).

Peloso the Hoplite (Minotaur Fighter)              Turns: 38414, Time: 02:20:22

Health: 0/156      AC: 31    Str: 28    XL:     17   Next: 74%
Magic:  0/17       EV: 13    Int:  5    God:    Okawaru [******]
Gold:   2675       SH:  0    Dex: 15    Spells: 0 memorised, 16 levels left

rFire  . . .     SeeInvis +     Y - +9 long sword of Zaugiv {slice, rElec}
rCold  . . .     Gourm    .     X - +3 plate armour {MR+}
rNeg   . . .     Faith    .     (no shield)
rPois  .         Spirit   +     I - +2 hat
rElec  +         Dismiss  .     Q - +2 cloak {MR+}
rCorr  .         Reflect  .     K - +0 pair of gloves {Str+3}
SustAt .         Harm     .     c - +2 pair of boots {run}
MR     ++++.                    C - amulet of guardian spirit
Stlth  ..........               a - ring of protection from magic
                                q - +2 ring of dexterity

@: quick, incredibly resistant to hostile enchantments, extremely unstealthy
A: retaliatory headbutt, horns 2, see invisible, wild magic 1
a: Heroism, Finesse, Renounce Religion


You were on level 1 of the Elven Halls.
You worshipped Okawaru.
Okawaru was exalted by your worship.
You were not hungry.

You visited 7 branches of the dungeon, and saw 32 of its levels.
You visited 1 bazaar.
You also visited: Ossuary.

You collected 3368 gold pieces.
You spent 693 gold pieces at shops.

Inventory:

Hand Weapons
 i - a +4 double sword of freezing
 u - a +4 scimitar of flaming
 L - the +6 falchion of Guexzeurgh {freeze, rPois rF+ MR-}
   (You bought it in a shop in a bazaar)

   It has been specially enchanted to freeze those struck by it, causing extra
   injury to most foes and up to half again as much damage against particularly
   susceptible opponents.
   It can also slow down cold-blooded creatures.
   It protects you from fire.
   It protects you from poison.
   It affects your resistance to hostile enchantments.
 M - the cursed +1 great sword of Dissatisfaction {antimagic, Dex+2, unknown}
   (You found it on level 1 of the Elven Halls)

   It disrupts the flow of magical energy around spellcasters and certain
   magical creatures (including the wielder).
   It affects your dexterity (+2).
   It has a curse placed upon it.
 N - a +1 scimitar of flaming
 Y - the +9 long sword of Zaugiv (weapon) {slice, rElec}
   (Okawaru gifted it to you on level 2 of the Lair of Beasts)

   It inflicts extra damage upon your enemies.
   It insulates you from electricity.
Armour
 c - a +2 pair of boots of running (worn)
 m - a +0 shield of reflection
 p - a +0 large shield of fire resistance
 t - a +2 buckler of resistance
 y - the -3 cloak of Pothri {rF- rC+ Regen+}
   (Okawaru gifted it to you on level 2 of the Swamp)

   It makes you vulnerable to fire.
   It protects you from cold.
   It increases your rate of regeneration.
 I - a +2 hat (worn)
 K - a +0 pair of gloves of strength (worn)
 Q - a +2 cloak of magic resistance (worn)
 X - a +3 plate armour of magic resistance (worn)
Jewellery
 a - a ring of protection from magic (right hand)
 q - a +2 ring of dexterity (left hand)
 r - a +3 ring of evasion
 C - an amulet of guardian spirit (around neck)
Wands
 B - a wand of teleportation (1/9)
 T - a wand of disintegration (20/24)
 W - a wand of digging (16/24)
Scrolls
 e - 11 scrolls of identify
 h - 2 scrolls of fear
 n - 6 scrolls of teleportation
 s - a scroll of silence
 x - a scroll of amnesia
 E - 4 scrolls of enchant armour
 G - 6 scrolls of remove curse
 H - a scroll of magic mapping
 R - 2 scrolls of recharging
Potions
 b - a potion of cancellation
 d - 4 potions of might
 l - 8 potions of curing
 o - 4 potions of invisibility
 w - 4 potions of haste
 z - 3 potions of heal wounds
 D - 6 potions of flight
 F - a potion of agility
 J - a potion of berserk rage
Books
 A - a book of Geomancy

   Spells                             Type                      Level
   a - Sandblast                      Earth                        1
   b - Passwall                       Transmutation/Earth          2
   c - Stone Arrow                    Conjuration/Earth            3
   d - Petrify                        Transmutation/Earth          4
   e - Lee's Rapid Deconstruction     Earth                        5
Comestibles
 f - 17 bread rations
 g - 20 meat rations
 j - 22 fruits
 k - 5 chunks of flesh
 v - 8 royal jellies
 O - a beef jerky


   Skills:
 + Level 15.5 Fighting
 + Level 18.2 Long Blades
 + Level 15.6 Armour
 + Level 9.5 Dodging
 + Level 2.1 Stealth
 + Level 21.7 Shields
 + Level 1.9 Invocations
 + Level 0.3 Evocations


You had 16 spell levels left.
You didn't know any spells.

Dungeon Overview and Level Annotations

Branches:
Dungeon (15/15) Temple (1/1) D:7 Lair (8/8) D:9 Swamp (2/4) Lair:3 Snake (3/4) Lair:6 Slime (0/6) Lair:8 Orc (2/2) D:9 Elf (1/3) Orc:2 Vaults (0/5) D:12 D:13 Depths (0/5) D:15

Altars:
Ashenzari
Elyvilon
Fedhas
Kikubaaqudgha
Makhleb
Nemelex Xobeh
Okawaru
Pakellas
Qazlal
Ru
Sif Muna
Trog
Vehumet
Xom
Yredelemnul
Beogh
Jiyva

Shops:
Orc:2 *:((([??=

Portals:
Hell: Lair:8

Annotations:
Lair:4 exclusion: 2 oklob plants


Innate Abilities, Weirdness & Mutations

You reflexively headbutt those who attack you in melee.
You have a pair of horns on your head.
You have supernaturally acute eyesight.
Your spells are a little harder to cast, but a little more powerful.


Message History

You slash the deep elf mage!
You kill the deep elf mage!
Okawaru accepts your kill.
The earth elemental disappears in a puff of smoke!
The deep elf mage closely misses you. You furiously retaliate!
You headbutt the deep elf mage!
The deep elf mage hits you but does no damage.
You hit the deep elf mage but do no damage.
You headbutt the deep elf mage, but do no damage.
The deep elf mage is moderately wounded.
The deep elf mage barely misses you. You furiously retaliate!
You headbutt the deep elf mage!
The deep elf mage mumbles some strange words.
The deep elf mage blinks!
You slash the deep elf mage!
You kill the deep elf mage!
Okawaru accepts your kill.
Unknown command.
The deep elf archer shoots an arrow.
The arrow hits you!!
You die...

#§e.E.#
#§)E§.#######'#####
#..§Ee.#...........#
#.......ee..........###.
........E...........'...
..........E.........'.
..................$.#
...........(.e....§.#
...............§@..#
.......().##
........).[....
..........>....
........e.......
........(.......
..........).....
................
...............


You could see a deep elf archer, a deep elf knight (invisible), an earth
elemental and a deep elf mage.

Vanquished Creatures
  A thorn hunter (Swamp:2)
  Frances (D:14)
  4 greater nagas
  A deep elf sorcerer (Elf:1)
  Maud (Lair:8)
  3 orc warlords (Orc:1)
  Aizul (Snake:2)
  Donald (D:12)
  The ghost of Ery the Bludgeoner, a journeyman MiBe of Trog (Orc:2)
  The ghost of blejac99 the Carver, a journeyman HOFi of Beogh (Lair:8)
  A deep elf elementalist (Elf:1)
  Azrael (D:13)
  A dire elephant (Lair:8)
  The ghost of Anmu the Grand Gadgeteer, a journeyman DDAr of Pakellas (Orc:2)
  Erolcha (D:8)
  Josephine (D:14)
  A yaktaur captain (D:15)
  13 hydras
  Harold (Orc:1)
  8 naga warriors
  2 ogre magi (D:15)
  Erica (Orc:1)
  2 centaur warriors (D:15)
  A catoblepas (D:15)
  11 anacondas
  A dancing weapon (Elf:1)
  6 alligators
  4 death yaks (Lair:7)
  5 shock serpents
  3 orc high priests
  9 naga sharpshooters
  Sonja (D:14)
  A sun demon (Lair:8)
  3 deep elf knights (Elf:1)
  A skeletal warrior (D:12)
  A salamander mystic (Snake:3)
  6 unseen horrors
  A spriggan druid (Swamp:1)
  A shambling mangrove (Swamp:1)
  2 swamp dragons
  3 deep elf archers (Elf:1)
  3 naga ritualists
  7 hill giants
  4 orc knights
  15 deep elf magi
  2 wizards
  5 griffons
  4 mana vipers
  5 orc sorcerers
  3 cyclopes
  13 slime creatures
  A manticore (D:14)
  15 elephants
  17 ugly things
  7 salamanders
  19 black mambas
  A smoke demon (Lair:8)
  6 naga magi
  A torpor snail (Lair:8)
  14 spiny frogs
  2 orange demons (Lair:8)
  4 kobold demonologists
  5 rime drakes
  16 komodo dragons
  A yaktaur (D:15)
  A hellwing (Lair:8)
  4 ice devils (Lair:8)
  A redback zombie (D:15)
  A red devil (Lair:8)
  9 trolls
  7 two-headed ogres
  2 polar bears (Lair:8)
  A queen bee (D:9)
  The ghost of Kloppie the Poker, an amateur HuGl (Ossuary)
  3 giant leeches (Swamp:1)
  A boulder beetle (Lair:1)
  15 blink frogs
  3 shadows
  Sigmund (D:2)
  A hog (shapeshifter) (D:13)
  Eustachio (D:6)
  16 humans
  4 wraiths
  38 yaks
  A human (shapeshifter) (D:14)
  A vampire (D:15)
  8 wyverns
  9 basilisks
  4 fire elementals
  23 hippogriffs
  3 vampire mosquitoes (D:13)
  Menkaure (D:4)
  3 mottled dragons
  5 swamp worms
  23 nagas
  5 wargs
  A soldier ant (D:13)
  5 hell hounds
  15 water moccasins
  6 swamp drakes (Swamp:1)
  14 porcupines
  5 black bears
  30 orc warriors
  2 sky beasts
  2 eyes of draining
  3 ice beasts
  3 wasps
  2 necrophages
  26 ogres
  A phantom (D:11)
  6 centaurs
  12 crocodiles
  7 big kobolds
  2 gnoll sergeants
  28 giant frogs
  2 wyvern skeletons
  A wyvern zombie (D:11)
  5 scorpions
  27 killer bees
  17 wights
  6 electric eels
  A howler monkey (D:12)
  8 crimson imps
  4 bog bodies
  5 centaur zombies
  A quasit (D:9)
  Crazy Yiuf (D:3)
  9 centaur skeletons
  6 hounds
  7 giant frog zombies
  18 orc priests
  5 jellies
  2 giant frog skeletons
  8 iguanas
  Terence (D:2)
  28 orc wizards
  14 worker ants
  7 hell rats (Lair:2)
  A sheep (Lair:8)
  2 hound skeletons
  8 mummies (Ossuary)
  A howler monkey zombie (Ossuary)
  7 worker ant zombies
  14 gnolls
  13 adders
  97 river rats
  5 shadow imps
  3 oozes
  5 adder zombies
  An adder skeleton (D:4)
  3 worms
  3 dart slugs
  4 giant geckos
  70 orcs
  2 ball pythons
  3 bats
  5 giant cockroaches
  4 goblins
  12 hobgoblins
  8 jackals
  21 kobolds
  8 quokkas
  A ball python zombie (Ossuary)
  2 giant gecko zombies
  3 giant newts
  2 jackal zombies (Ossuary)
  3 quokka skeletons
  A quokka zombie (Ossuary)
  25 rats
  2 briar patches (Swamp:2)
  3 fungi
1170 creatures vanquished.

Vanquished Creatures (others)
  Nessos (D:13)
  2 centaur warriors (D:13)
  2 deep elf magi (Elf:1)
  A cyclops (D:14)
  4 yaks (Lair:8)
  A swamp drake (Swamp:1)
  An orc warrior (Orc:2)
  A centaur (D:15)
  A river rat (Lair:1)
  5 orcs
  3 bushes (Lair:8)
  36 fungi
  10 plants
  2 withered plants (Ossuary)
70 creatures vanquished.

Grand Total: 1240 creatures vanquished

Notes
Turn   | Place    | Note
--------------------------------------------------------------
     0 | D:1      | Peloso the Minotaur Fighter began the quest for the Orb.
     0 | D:1      | Reached XP level 1. HP: 19/19 MP: 0/0
   131 | D:1      | Reached XP level 2. HP: 27/27 MP: 1/1
   548 | D:1      | Reached skill level 4 in Shields
   573 | D:2      | Reached XP level 3. HP: 33/33 MP: 2/2
   769 | D:2      | Noticed Terence
   778 | D:2      | Killed Terence
   778 | D:2      | Reached XP level 4. HP: 15/41 MP: 3/3
  1024 | D:2      | Reached skill level 1 in Dodging
  1114 | D:2      | Noticed Sigmund
  1127 | D:2      | Killed Sigmund
  1127 | D:2      | Reached skill level 5 in Fighting
  1127 | D:2      | Reached skill level 5 in Shields
  1127 | D:2      | Reached XP level 5. HP: 38/48 MP: 4/4
  1177 | D:2      | Reached XP level 6. HP: 45/56 MP: 5/5
  1393 | D:3      | Found an iron altar of Okawaru.
  1578 | D:4      | Reached skill level 5 in Armour
  1737 | D:4      | Noticed Menkaure
  1739 | D:4      | Found a sand-covered staircase.
  1744 | Ossuary  | Entered an ossuary
  1762 | Ossuary  | Reached skill level 6 in Shields
  1771 | Ossuary  | Reached XP level 7. HP: 29/61 MP: 6/6
  2102 | Ossuary  | Noticed Kloppie's ghost (amateur HuGl)
  2111 | Ossuary  | Killed Kloppie's ghost
  2111 | Ossuary  | Reached skill level 5 in Long Blades
  2115 | Ossuary  | Reached XP level 8. HP: 37/70 MP: 7/7
  2423 | D:4      | Killed Menkaure
  2519 | D:4      | Reached skill level 7 in Shields
  2838 | D:4      | Got a shimmering robe
  3131 | D:3      | Became a worshipper of Warmaster Okawaru
  3273 | D:3      | Found a deep blue altar of Sif Muna.
  3421 | D:3      | Noticed Crazy Yiuf
  3427 | D:3      | Killed Crazy Yiuf
  3451 | D:3      | Identified the +1 robe of the Forgotten Demons {Dex+3} (You found it on level 4 of the Dungeon)
  3853 | D:5      | Entered Level 5 of the Dungeon
  4564 | D:5      | Reached skill level 5 in Dodging
  4790 | D:6      | Reached XP level 9. HP: 54/79 MP: 8/8
  4801 | D:6      | Reached * piety under Okawaru
  4937 | D:6      | Found a sparkling altar of Nemelex Xobeh.
  4937 | D:6      | Found a sacrificial altar of Ru.
  4938 | D:6      | Found a stormy altar of Qazlal.
  4949 | D:6      | Reached skill level 8 in Shields
  5202 | D:6      | Found an oddly glowing altar of Pakellas.
  5277 | D:6      | Noticed Eustachio
  5291 | D:6      | Killed Eustachio
  5410 | D:7      | Found a staircase to the Ecumenical Temple.
  5437 | Temple   | Entered the Ecumenical Temple
  5719 | D:7      | Reached skill level 1 in Stealth
  5958 | D:7      | Found a shimmering altar of Xom.
  6057 | D:8      | Noticed Erolcha
  6068 | D:8      | Killed Erolcha
  6068 | D:8      | Reached ** piety under Okawaru
  6068 | D:8      | Reached skill level 9 in Shields
  6268 | D:8      | Found a bloodstained altar of Trog.
  6284 | D:8      | Reached XP level 10. HP: 82/88 MP: 9/9
  6446 | D:8      | Reached skill level 10 in Shields
  6482 | D:8      | Reached *** piety under Okawaru
  7208 | D:9      | Gained mutation: Your spells are a little harder to cast, but a little more powerful. [potion of beneficial mutation]
  7247 | D:9      | Found a staircase to the Lair.
  7254 | D:9      | Found a staircase to the Orcish Mines.
  8307 | D:9      | Reached skill level 11 in Shields
  8326 | D:9      | Reached **** piety under Okawaru
  8715 | D:9      | Found a roughly hewn altar of Beogh.
  9523 | D:10     | Entered Level 10 of the Dungeon
  9554 | D:9      | Reached XP level 11. HP: 87/95 MP: 10/10
  9701 | D:10     | Found a white marble altar of Elyvilon.
  9734 | D:10     | Reached skill level 12 in Shields
 10160 | D:9      | Reached ***** piety under Okawaru
 10296 | D:10     | Noticed a cyan ugly thing
 10309 | D:10     | Killed a cyan ugly thing
 10705 | D:11     | Killed an unseen horror
 10705 | D:11     | Received a gift from Okawaru
 10925 | D:11     | Noticed a cyan ugly thing
 10938 | D:11     | Killed a cyan ugly thing
 11144 | D:11     | Reached skill level 10 in Long Blades
 11212 | D:11     | Reached skill level 13 in Shields
 11334 | D:11     | Reached skill level 10 in Armour
 11363 | D:11     | Killed an unseen horror
 11674 | D:12     | Noticed a green ugly thing
 11686 | D:12     | Killed a green ugly thing
 11840 | D:12     | Killed an unseen horror
 11893 | D:12     | Noticed a purple ugly thing
 11901 | D:12     | Noticed a sun demon
 11920 | D:12     | Killed a purple ugly thing
 12152 | D:12     | Reached XP level 12. HP: 106/106 MP: 11/11
 12535 | D:12     | Reached skill level 10 in Fighting
 12535 | D:12     | Reached skill level 14 in Shields
 12583 | D:13     | Found a gate to the Vaults.
 12583 | D:13     | Noticed Donald
 12583 | D:13     | Noticed a centaur warrior
 12677 | D:13     | Noticed a seven-headed hydra
 12799 | Lair:1   | Entered Level 1 of the Lair of Beasts
 14256 | Lair:2   | Received a gift from Okawaru
 14259 | Lair:2   | Got a dazzling long sword {god gift}
 14260 | Lair:2   | Identified the +9 long sword of Zaugiv {slice, rElec} (Okawaru gifted it to you on level 2 of the Lair of Beasts)
 14358 | Lair:2   | Got an ancient scimitar
 14359 | Lair:2   | Identified the +7 scimitar of Valiance {slice, *Corrode rElec MP+9 Int+3} (You found it on level 2 of the Lair of Beasts)
 15145 | Lair:3   | Reached skill level 15 in Shields
 15221 | Lair:3   | Found a staircase to the Swamp.
 16100 | Lair:4   | Reached ****** piety under Okawaru
 16561 | Lair:4   | Noticed a five-headed hydra
 16581 | Lair:4   | Killed a 14-headed hydra
 16581 | Lair:4   | Received a gift from Okawaru
 16581 | Lair:4   | Reached XP level 13. HP: 71/116 MP: 10/12
 16924 | Lair:5   | Got a dazzling long sword
 16925 | Lair:5   | Identified the cursed +3 long sword of the Scroll {drain, *Noise MP+9 Str+7 SInv} (You found it on level 5 of the Lair of Beasts)
 17246 | Lair:5   | Reached skill level 16 in Shields
 17511 | Lair:5   | Received a gift from Okawaru
 18370 | Lair:6   | Found a staircase to the Snake Pit.
 19072 | Lair:7   | Reached skill level 17 in Shields
 19384 | Lair:7   | Reached XP level 14. HP: 110/126 MP: 13/13
 19877 | Lair:8   | Entered Level 8 of the Lair of Beasts
 20075 | Lair:8   | Noticed blejac99's ghost (journeyman HOFi)
 20105 | Lair:8   | Killed blejac99's ghost
 20107 | Lair:8   | HP: 6/126 [poisoned by a water moccasin]
 20113 | Lair:8   | HP: 4/126 [poisoned by a water moccasin]
 20118 | Lair:8   | HP: 3/126 [poisoned by a water moccasin]
 20124 | Lair:8   | HP: 3/126 [poisoned by a water moccasin]
 20132 | Lair:8   | HP: 3/126 [poisoned by a water moccasin]
 20614 | Lair:8   | Noticed Maud
 20634 | Lair:8   | Killed Maud
 20634 | Lair:8   | Received a gift from Okawaru
 20644 | Lair:8   | Reached skill level 1 in Invocations
 20952 | Lair:8   | Identified a +0 pair of boots of running (Okawaru gifted it to you on level 8 of the Lair of Beasts)
 21413 | Lair:8   | Reached skill level 18 in Shields
 21463 | Lair:8   | Found a burning altar of Makhleb.
 22260 | Lair:8   | Found a gateway to Hell.
 22388 | Lair:8   | Found a viscous altar of Jiyva.
 22389 | Lair:8   | Found a staircase to the Slime Pits.
 22918 | D:12     | Killed Donald
 22918 | D:12     | Received a gift from Okawaru
 22949 | D:12     | Got a translucent short sword {god gift}
 22953 | D:12     | Identified the +8 short sword of the Many Songs {freeze, MR+} (Okawaru gifted it to you on level 12 of the Dungeon)
 23036 | D:13     | Noticed Azrael
 23036 | D:13     | Reached XP level 15. HP: 113/135 MP: 15/15
 23166 | D:13     | Killed Azrael
 23166 | D:13     | Reached skill level 15 in Long Blades
 23458 | D:13     | Noticed Nessos
 23465 | D:13     | Killed Nessos
 23488 | D:13     | Identified a scroll of acquirement
 23831 | D:13     | Found a blossoming altar of Fedhas.
 24328 | D:14     | Noticed Frances
 24347 | D:14     | Killed Frances
 24385 | D:14     | Received a gift from Okawaru
 24385 | D:14     | Reached skill level 19 in Shields
 24422 | D:14     | Found a flickering gateway to a bazaar.
 24428 | Bazaar   | Entered a bazaar
 24428 | Bazaar   | Found Zeiheo's Distillery.
 24428 | Bazaar   | Found Ivi Gimp's Gadget Emporium.
 24429 | Bazaar   | Found Xovuz's General Store.
 24429 | Bazaar   | Found Tinleech's Antique Weapon Emporium.
 24452 | Bazaar   | Bought a dazzling falchion for 168 gold pieces
 24454 | Bazaar   | Identified the +6 falchion of Guexzeurgh {freeze, rPois rF+ MR-} (You bought it in a shop in a bazaar)
 24491 | Bazaar   | Bought a potion of might for 48 gold pieces
 24491 | Bazaar   | Bought a potion of haste for 120 gold pieces
 24878 | D:14     | Noticed Sonja
 24884 | D:14     | Killed Sonja
 25030 | D:14     | Noticed Josephine
 25041 | D:14     | Killed Josephine
 25381 | D:15     | Entered Level 15 of the Dungeon
 26714 | D:15     | Found a staircase to the Depths.
 26721 | D:15     | Received a gift from Okawaru
 27193 | Snake:1  | Entered Level 1 of the Snake Pit
 27715 | Snake:1  | Reached XP level 16. HP: 119/146 MP: 16/16
 28489 | Snake:2  | Reached skill level 20 in Shields
 28681 | Snake:2  | Found an ancient bone altar of Kikubaaqudgha.
 28995 | Snake:2  | Noticed Aizul
 29019 | Snake:2  | Killed Aizul
 29019 | Snake:2  | Received a gift from Okawaru
 29026 | Snake:2  | Got a heavily runed ring mail {god gift}
 31054 | Snake:3  | Received a gift from Okawaru
 31059 | Snake:3  | Got a brightly glowing triple sword {god gift}
 31065 | Snake:3  | Identified the +3 triple sword "Giantbane" {flame, Str+4} (Okawaru gifted it to you on level 3 of the Snake Pit)
 31752 | Lair:1   | Identified the +2 ring mail "Cyclur" {Stlth+} (Okawaru gifted it to you on level 2 of the Snake Pit)
 31770 | Lair:1   | Gained mutation: You have supernaturally acute eyesight. [potion of beneficial mutation]
 31986 | Swamp:1  | Entered Level 1 of the Swamp
 32743 | Swamp:1  | Reached XP level 17. HP: 48/154 MP: 7/17
 33124 | Swamp:1  | Reached skill level 15 in Fighting
 33732 | Swamp:2  | Received a gift from Okawaru
 33732 | Swamp:2  | Reached skill level 21 in Shields
 33751 | Swamp:2  | Got a faintly glowing cloak {god gift}
 33762 | Swamp:2  | Identified the -3 cloak of Pothri {rF- rC+ Regen+} (Okawaru gifted it to you on level 2 of the Swamp)
 34024 | Swamp:2  | Reached skill level 15 in Armour
 34551 | Orc:1    | Entered Level 1 of the Orcish Mines
 34720 | Orc:1    | Noticed Erica
 34728 | Orc:1    | Killed Erica
 34746 | Orc:1    | Noticed Harold
 34763 | Orc:1    | Killed Harold
 34812 | Orc:1    | Found a roughly hewn altar of Beogh.
 35128 | Orc:2    | Entered Level 2 of the Orcish Mines
 35128 | Orc:2    | Found Viconn's Magic Scroll Boutique.
 35128 | Orc:2    | Found a roughly hewn altar of Beogh.
 35128 | Orc:2    | Found a staircase to the Elven Halls.
 35136 | Orc:2    | Noticed Anmu's ghost (journeyman DDAr)
 35156 | Orc:2    | Killed Anmu's ghost
 35184 | Orc:2    | Noticed Ery's ghost (journeyman MiBe)
 35212 | Orc:2    | Killed Ery's ghost
 37284 | Orc:2    | Found Tepsi's Jewellery Emporium.
 37338 | Orc:2    | Found Xisuqomi's Magic Scroll Boutique.
 37346 | Orc:2    | Bought a scroll of brand weapon for 260 gold pieces
 37346 | Orc:2    | Bought a scroll of enchant armour for 97 gold pieces
 37384 | Orc:2    | Found Ruxye's Antique Weapon Shoppe.
 37397 | Orc:2    | Found Vidacoz's Antique Weapon Emporium.
 37409 | Orc:2    | Found Litiveco's Antique Armour Emporium.
 37426 | Orc:2    | Found Dufet's General Store.
 37555 | Orc:2    | Found Ohepreus's Antique Weapon Emporium.
 37572 | Orc:2    | Found Geuf's Book Shoppe.
 37866 | Elf:1    | Entered Level 1 of the Elven Halls
 37924 | Elf:1    | Found a radiant altar of Vehumet.
 37953 | Elf:1    | Received a gift from Okawaru
 38309 | Elf:1    | Got a transparent great sword
 38414 | Elf:1    | Shot with an arrow by a deep elf archer

Skill      XL: |  1  2  3  4  5  6  7  8  9 10 11 12 13 14 15 16 17 |
---------------+----------------------------------------------------+-----
Fighting       | 4 5 6 7 8 9 11 12 13 14 15 | 15.5
Shields        | 4 5 6 7 9 11 13 15 17 18 19 20 21 | 21.7
Armour         | 4 5 6 8 9 10 11 12 13 14 15 | 15.6
Dodging        | 1 2 4 5 6 7 8 9 |  9.5
Long Blades    | 3 4 5 6 8 9 10 12 13 14 16 17 18 | 18.2
Stealth        | 1 2 |  2.1
Invocations    | 1 |  1.9
Evocations     | |  0.3

Action                   |  1- 3 |  4- 6 |  7- 9 | 10-12 | 13-15 | 16-18 || total
-------------------------+-------+-------+-------+-------+-------+-------++-------
Melee: Long sword        |    71 |    83 |   246 |  1207 |  1339 |   658 ||  3604
       Headbutt          |     9 |    17 |    81 |   306 |   469 |   358 ||  1240
       Falchion          |       |    16 |   162 |       |    80 |   513 ||   771
       Triple sword      |       |       |       |       |       |     4 ||     4
       Scimitar          |       |       |       |       |       |     3 ||     3
Invok: Heroism           |       |       |       |     5 |    14 |    11 ||    30
Evoke: Wand              |       |       |       |       |     3 |       ||     3
  Use: Scroll            |       |     6 |    10 |    20 |    14 |     7 ||    57
       Potion            |       |     1 |     1 |     3 |     4 |     2 ||    11
 Stab: Distracted        |       |       |       |       |     1 |       ||     1
  Eat: Chunk             |       |     3 |    13 |    30 |    26 |    29 ||   101
       Beef jerky        |       |       |     1 |     2 |     2 |       ||     5
       Fruit             |       |       |       |     2 |       |     3 ||     5
       Pizza             |       |       |       |       |     4 |     3 ||     7
Armor: Scale mail        |    21 |    32 |    48 |       |       |       ||   101
       Chain mail        |       |       |    31 |    80 |       |       ||   111
       Plate armour      |       |       |       |   329 |   467 |   430 ||  1226
Dodge: Dodged            |    21 |    38 |   125 |   467 |   665 |   490 ||  1806
Block: Shield            |    34 |    62 |   274 |  1224 |   975 |   682 ||  3251
       Reflection        |       |       |     6 |    27 |    44 |    43 ||   120
       Buckler           |       |       |       |       |   298 |   178 ||   476
       Other             |       |       |       |       |       |     1 ||     1
       Large shield      |       |       |       |       |       |     1 ||     1
